 Dungeon Crawl Stone Soup version 0.28-a0-895-g6e5f11bd55 (webtiles) character file.

Game seed: 11000246787129330017

64651 justicarcrawler the Basher (level 14, -2/146 HPs)
             Began as a Troll Monk on Nov 23, 2021.
             Was the Champion of Qazlal.
             Slain by a salamander (7 damage)
             ... on level 1 of the Snake Pit.
             The game lasted 01:22:18 (17251 turns).

justicarcrawler the Basher (Troll Monk)            Turns: 17251, Time: 01:22:19

Health: -2/146     AC: 14    Str: 32    XL:     14   Next: 72%
Magic:  18/18      EV: 10    Int:  6    God:    Qazlal [******]
Gold:   501        SH:  8    Dex: 16    Spells: 13/13 levels left

rFire   + . .      SeeInvis +   k - +6 demon whip (vorpal)
rCold   . . .      Faith    .   (no shield)
rNeg    . . .      Spirit   .   v - +1 swamp dragon scales
rPois   +          Reflect  .   (helmet restricted)
rElec   .          Harm     .   o - scarf {+Inv}
rCorr   .          Rampage  .   (gloves unavailable)
Will    +....                   (boots unavailable)
Stlth   +.........              (no amulet)
HPRegen 1.34/turn               z - +6 ring of strength
MPRegen 0.16/turn               j - ring "Mozuig" {Dex+4 SInv}

@: about to teleport, protected from fire, slowed, constricted, repel missiles,
very slow
A: large, unfitting armour, claws 3, regeneration 1, shaggy fur 1, tough skin 1,
iridescent scales 1, passive freeze, wild magic 1
a: Renounce Religion, Evoke Invisibility, Upheaval, Elemental Force, Disaster
Area


You were on level 1 of the Snake Pit.
You worshipped Qazlal.
Qazlal was exalted by your worship.
You visited 4 branches of the dungeon, and saw 18 of its levels.

You collected 1152 gold pieces.
You spent 651 gold pieces at shops.

Inventory:

Hand Weapons
 k - a +6 vorpal demon whip (weapon)
Missiles
 n - a throwing net (quivered)
Armour
 o - a scarf of invisibility (worn)
 v - +1 swamp dragon scales (worn)
Magical Staves
 p - a staff of earth
Jewellery
 j - the ring "Mozuig" (right claw) {Dex+4 SInv}
   (You found it on level 5 of the Dungeon)

   [ring of see invisible]

   Dex:       It affects your dexterity (+4).
   SInv:      It lets you see invisible.
 r - a ring of resist corrosion
 x - a +4 ring of evasion
 z - a +6 ring of strength (left claw)
 C - a ring of magical power
Wands
 g - a wand of iceblast (19)
 l - a wand of paralysis (5)
 m - a wand of polymorph (9)
 w - a wand of flame (30)
 B - a wand of acid (5)
Scrolls
 a - a scroll of fog
 b - 5 scrolls of identify
 d - 5 scrolls of teleportation
 e - a scroll of fear
 q - 3 scrolls of magic mapping
 s - 3 scrolls of amnesia
 y - a scroll of holy word
Potions
 c - 3 potions of curing
 f - 5 potions of might
 h - 3 potions of flight
 i - 3 potions of cancellation
 u - a potion of resistance
 A - a potion of heal wounds
 D - a potion of mutation
 E - a potion of haste
Miscellaneous
 F - a phantom mirror


   Skills:
 - Level 11.5 Fighting
 - Level 12.0 Maces & Flails
 + Level 7.6 Armour
 + Level 8.1 Dodging
 - Level 1.0 Stealth
 - Level 11.8 Unarmed Combat
 + Level 7.3 Invocations
 + Level 2.5 Evocations


You had 13 spell levels left.
You didn't know any spells.
Your spell library contained the following spells:

 Spells                   Type           Power      Damage    Failure   Level
 Magic Dart               Conj           0%         1d3       63%         1
 Slow                     Hex            0%         N/A       63%         1
 Summon Small Mammal      Summ           0%         N/A       63%         1
 Call Imp                 Summ           0%         N/A       77%         2
 Passwall                 Tmut/Erth      0%         N/A       77%         2
 Static Discharge         Conj/Air       0%         N/A       77%         2
 Call Canine Familiar     Summ           0%         N/A       93%         3
 Confusing Touch          Hex            0%         N/A       93%         3
 Mephitic Cloud           Conj/Pois/Air  0%         N/A       93%         3
 Summon Guardian Golem    Hex/Summ       0%         N/A       93%         3
 Vampiric Draining        Necr           0%         2d6       93%         3
 Animate Armour           Summ/Erth      0%         N/A       100%        4
 Dispel Undead            Necr           0%         3d6       100%        4
 Sticky Flame             Conj/Fire      0%         2d3       100%        4
 Summon Lightning Spire   Summ/Air       0%         N/A       100%        4
 Blade Hands              Tmut           0%         N/A       100%        5
 Iron Shot                Conj/Erth      0%         9d1       100%        6
 Summon Horrible Things   Summ           0%         N/A       100%        8


Dungeon Overview and Level Annotations

Branches:
Dungeon (9/15)             Temple (1/1) D:7            Lair (6/6) D:9
 Shoals (0/4) Lair:2        Snake (2/4) Lair:4        Slime (0/5) Lair:5
    Orc: D:9-12

Altars:
Cheibriados
Dithmenos
Elyvilon
Fedhas
Gozag
Hepliaklqana
Kikubaaqudgha
Makhleb
Nemelex Xobeh
Okawaru
Qazlal
Ru
Sif Muna
Trog
Uskayaw
Vehumet
Wu Jian
Xom
Yredelemnul
Zin
The Shining One

Shops:
D:3 !   D:4 (?((   Snake:1 (=**

Annotations:
D:4 2 transporters, a11behringer's ghost, amateur PaBe


Innate Abilities, Weirdness & Mutations

You are too large for most types of armour.
You have claws for hands.
Your natural rate of healing is unusually fast.
You are covered in fur. (AC +1)
You have tough skin. (AC +1)
You are partially covered in iridescent scales. (AC +2)
A frigid envelope surrounds you and freezes all who hurt you.
Your spells are a little harder to cast, but a little more powerful.


Message History

* * * LOW HITPOINT WARNING * * *
The salamander is frozen!
The salamander is very cold.
The salamander is moderately wounded.
You climb upwards.
There is a stone staircase leading down, spattered with blood here.
Okay, then.
You feel much better. The black mamba barely misses you.
The black mamba misses you.
The salamander sizzles in the rain.
You block the salamander's attack. The naga hits you with a +0 war axe!
* * * LOW HITPOINT WARNING * * *
The naga is very cold.
The naga is severely wounded.
The naga grabs you. The naga constricts you.
* * * LOW HITPOINT WARNING * * *
The salamander is struck by lightning.
The salamander sizzles in the rain.
The salamander hits you but does no damage.
The salamander is frozen!
The salamander is very cold.
The salamander is severely wounded.
The black mamba bites you but does no damage.
The black mamba is very cold.
The black mamba seems to slow down.
The black mamba is heavily wounded.
The salamander is struck by lightning.
The salamander sizzles in the rain.
The salamander barely misses you. The naga barely misses you.
The naga constricts you.
* * * LOW HITPOINT WARNING * * *
As you read the scroll of teleportation, it crumbles to dust.
You feel strangely unstable.
The salamander hits you with a +0 trident.
* * * LOW HITPOINT WARNING * * *
You are engulfed in flames.
You resist.
You feel more protected from fire.
* * * LOW HITPOINT WARNING * * *
The salamander is frozen!
The salamander is very cold.
The salamander is almost dead.
The black mamba barely misses you.
The salamander sizzles in the rain.
The salamander hits you with a +0 halberd!
* * * LOW HITPOINT WARNING * * *
You are engulfed in flames!
You resist.
You feel more protected from fire.
You die...

.........### ############## #
........#..# ###...##.##....#####
...........# #......#.#..........
.......#...###......#.........##.
......#.....#........#.#......##.
.....##.....#......>...#......##.
....##.....##..§.......#.........
.........####.○N☼N.##..##........
.#...##.## #..N@#####..##.......
###..#...# #.°S[# ##..##......
#..#..##.# #.#.## ##.#####....
....#.##.# ###.# ###..##...##..
.......#.# ##.# ##..#.##....###
.........## ##.####..##.#.....###
#.........###....#..###........##
#######...##.####..####........##
.# ##..#..# ##.#..#.........#.


You could see 2 salamanders, a black mamba (slow) and a naga.

Vanquished Creatures
  A nagaraja (Snake:2)
  Azrael (Snake:1)
  2 dire elephants (Lair:5)
  4 naga warriors (Snake:1)
  A salamander tyrant (Snake:2)
  An anaconda (Snake:2)
  A two-headed ogre (D:9)
  3 hydras
  10 death yaks
  Erica (D:8)
  A shock serpent (Snake:1)
  A naga sharpshooter (Snake:2)
  A fire crab (Lair:5)
  2 mana vipers
  17 elephants
  7 salamanders
  8 black mambas
  A gargoyle (D:7)
  17 cane toads
  5 naga magi
  4 torpor snails (Lair:4)
  2 rime drakes
  Maggie (D:8)
  9 komodo dragons
  A burning bush (Lair:2)
  7 hornets (Lair:6)
  4 polar bears (Lair:6)
  7 blink frogs
  10 dream sheep
  Sigmund (D:3)
  14 spriggans (Lair:6)
  2 wraiths (D:7)
  3 wyverns
  21 yaks
  2 fire elementals (Snake:1)
  2 basilisks (Lair:1)
  11 nagas
  21 water moccasins
  6 hell hounds (Snake:1)
  An ice beast (D:8)
  4 black bears
  2 hornet zombies
  3 orc warriors
  A sky beast (D:6)
  2 ogres (D:6)
  3 boggarts (Lair:6)
  3 centaurs
  37 wolves
  2 phantoms
  10 bullfrogs
  A gnoll sergeant (D:9)
  3 scorpions
  13 wights
  4 killer bees (D:9)
  4 electric eels
  3 howler monkeys
  4 centaur zombies
  A hound (D:6)
  Crazy Yiuf (D:6)
  3 orc priests
  A centaur skeleton (D:7)
  2 iguanas
  6 jellies
  11 orc wizards
  Ijyb (D:3)
  A hound skeleton (D:5)
  A howler monkey zombie (D:9)
  6 adders
  13 gnolls
  A white imp (D:6)
  An ufetubus (D:4)
  An adder skeleton (D:4)
  An adder zombie (D:5)
  A worm (D:2)
  A dart slug (D:1)
  29 orcs
  6 ball pythons
  9 endoplasms
  9 giant cockroaches
  5 goblins
  10 hobgoblins
  A jackal (D:3)
  8 kobolds
  3 quokkas
  4 bats
  3 frilled lizards
  4 rats
  A butterfly (Lair:6)
458 creatures vanquished.

Vanquished Creatures (others)
  An orc wizard (D:8)
  39 fungi
  36 plants
  10 toadstools (Lair:5)
  A withered plant (D:7)
87 creatures vanquished.

Grand Total: 545 creatures vanquished

Notes
Turn   | Place    | Note
-------+----------+-------------------------------------------
     0 | D:1      | justicarcrawler the Troll Monk began the quest for the Orb.
     0 | D:1      | Reached XP level 1. HP: 22/22 MP: 0/0
   154 | D:1      | Reached XP level 2. HP: 29/29 MP: 1/1
   238 | D:1      | Got Ixuryru's Disquisition on Creative Changing
   370 | D:1      | Reached XP level 3. HP: 37/37 MP: 2/2
   534 | D:2      | Found a shimmering blue altar of Sif Muna.
  1192 | D:2      | Reached XP level 4. HP: 32/45 MP: 3/3
  1301 | D:3      | Noticed Sigmund
  1361 | D:3      | Killed Sigmund
  1362 | D:3      | Reached skill level 5 in Unarmed Combat
  1362 | D:3      | Reached XP level 5. HP: 38/55 MP: 4/4
  1362 | D:3      | Reached XP level 6. HP: 44/63 MP: 5/5
  1585 | D:3      | Found a shimmering altar of Xom.
  1673 | D:3      | Found a large runed translucent door.
  1674 | D:3      | Found a large runed translucent door.
  1711 | D:3      | Noticed Ijyb
  1735 | D:3      | Killed Ijyb
  1747 | D:3      | Found a faded altar of an unknown god.
  1869 | D:3      | Found Fovomn's Distillery.
  1887 | D:3      | Bought a potion of degeneration for 14 gold pieces
  2022 | D:3      | Found a radiant altar of Vehumet.
  2036 | D:3      | Found a bloodstained altar of Trog.
  2071 | D:4      | Found Kotuo's Antique Weapon Shop.
  2122 | D:4      | Found Ihot's Antique Weapon Boutique.
  2141 | D:4      | Found Gekh's Magic Scroll Emporium.
  2195 | D:4      | Found a transporter.
  2195 | D:4      | Noticed a11behringer's ghost (amateur PaBe)
  2247 | D:4      | Found Fearos's Antique Weapon Boutique.
  2329 | D:4      | Found a transporter.
  2562 | D:5      | Entered Level 5 of the Dungeon
  2592 | D:5      | Reached skill level 1 in Maces & Flails
  2663 | D:5      | Reached XP level 7. HP: 71/71 MP: 6/6
  2759 | D:5      | Reached skill level 5 in Fighting
  2771 | D:5      | Reached skill level 2 in Maces & Flails
  2939 | D:5      | Identified the ring "Mozuig" {Dex+4 SInv}
  3492 | D:6      | Reached skill level 3 in Maces & Flails
  3492 | D:6      | Reached XP level 8. HP: 52/81 MP: 7/7
  3821 | D:6      | Reached skill level 4 in Maces & Flails
  4683 | D:6      | Found a runed translucent door.
  4684 | D:6      | Noticed Crazy Yiuf
  4919 | D:6      | Killed Crazy Yiuf
  5213 | D:7      | Reached skill level 5 in Maces & Flails
  5213 | D:7      | Reached XP level 9. HP: 28/92 MP: 8/8
  5437 | D:7      | Found an ancient bone altar of Kikubaaqudgha.
  5620 | D:7      | Noticed a gargoyle
  5631 | D:7      | Killed a gargoyle
  5632 | D:7      | Reached skill level 6 in Maces & Flails
  5802 | D:7      | Found a white marble altar of Elyvilon.
  5954 | D:7      | Found a staircase to the Ecumenical Temple.
  6064 | Temple   | Entered the Ecumenical Temple
  6298 | Temple   | Became a worshipper of Qazlal Stormbringer
  6298 | Temple   | Reached * piety under Qazlal
  6298 | Temple   | Reached ** piety under Qazlal
  6487 | D:8      | Noticed Maggie
  6508 | D:8      | Killed Maggie
  6509 | D:8      | Reached XP level 10. HP: 26/104 MP: 9/9
  6604 | D:8      | Found an iron altar of Okawaru.
  6607 | D:8      | Noticed Erica
  6637 | D:8      | Killed Erica
  6638 | D:8      | Reached skill level 7 in Maces & Flails
  7387 | D:9      | Noticed a two-headed ogre
  7396 | D:9      | Killed a two-headed ogre
  7397 | D:9      | Reached skill level 10 in Unarmed Combat
  7525 | D:9      | Found a basalt altar of Yredelemnul.
  7595 | D:9      | Found a sparkling altar of Nemelex Xobeh.
  7632 | D:9      | Reached *** piety under Qazlal
  7649 | D:9      | Found a hazy altar of Hepliaklqana.
  7969 | D:9      | Found a staircase to the Lair.
  8083 | Lair:1   | Entered Level 1 of the Lair of Beasts
  8083 | Lair:1   | Noticed a cane toad
  8091 | Lair:1   | Killed a cane toad
  8165 | Lair:1   | Noticed a cane toad
  8174 | Lair:1   | Killed a cane toad
  8175 | Lair:1   | Reached skill level 8 in Maces & Flails
  8272 | Lair:1   | Reached XP level 11. HP: 36/115 MP: 10/10
  8637 | Lair:1   | Gained mutation: A frigid envelope surrounds you and
                  | freezes all who hurt you. [potion of mutation]
  8637 | Lair:1   | Gained mutation: You are partially covered in iridescent
                  | scales. (AC +2) [potion of mutation]
  8637 | Lair:1   | Gained mutation: Your spells are a little harder to cast,
                  | but a little more powerful. [potion of mutation]
  8861 | Lair:2   | Noticed an eight-headed hydra
  8869 | Lair:2   | Killed an eight-headed hydra
  8883 | Lair:2   | Reached skill level 9 in Maces & Flails
  8894 | Lair:2   | HP: 3/117 [burning bush/puff of flame (6)]
  9098 | Lair:2   | Found a staircase to the Shoals.
  9273 | Lair:2   | Reached skill level 10 in Fighting
  9914 | D:4      | Bought a runed demon whip for 540 gold pieces
 10212 | Lair:2   | Reached **** piety under Qazlal
 10213 | Lair:2   | Reached skill level 10 in Maces & Flails
 10281 | Lair:3   | Reached XP level 12. HP: 114/127 MP: 11/11
 11395 | Lair:4   | Found a staircase to the Snake Pit.
 11409 | Lair:4   | Noticed a five-headed hydra
 11423 | Lair:4   | Killed a five-headed hydra
 11468 | Lair:4   | Reached skill level 11 in Maces & Flails
 11677 | Lair:4   | Reached skill level 1 in Armour
 11838 | Lair:4   | Found a snail-covered altar of Cheibriados.
 12332 | Lair:5   | Noticed a death yak
 12332 | Lair:5   | Noticed a death yak
 12334 | Lair:5   | Noticed a death yak
 12337 | Lair:5   | Noticed a death yak
 12340 | Lair:5   | Killed a death yak
 12341 | Lair:5   | Reached XP level 13. HP: 109/137 MP: 12/12
 12453 | Lair:4   | Reached skill level 12 in Maces & Flails
 12537 | Lair:5   | Reached ***** piety under Qazlal
 12574 | Lair:5   | Noticed a dire elephant
 12574 | Lair:5   | Noticed a dire elephant
 12596 | Lair:5   | Found a runed translucent door.
 12695 | Lair:5   | Reached skill level 1 in Invocations
 12930 | Lair:5   | Found a staircase to the Slime Pits.
 13345 | Lair:5   | Killed a dire elephant
 13428 | Lair:5   | Killed a dire elephant
 13429 | Lair:5   | Reached skill level 5 in Dodging
 13568 | Lair:6   | Entered Level 6 of the Lair of Beasts
 13700 | Lair:5   | Reached skill level 5 in Armour
 14112 | Lair:6   | Reached skill level 5 in Invocations
 14336 | Lair:6   | Reached XP level 14. HP: 143/146 MP: 15/17
 15276 | Snake:1  | Entered Level 1 of the Snake Pit
 15373 | Snake:1  | Noticed Azrael
 15379 | Snake:1  | Reached ****** piety under Qazlal
 15387 | Snake:1  | Killed Azrael
 15399 | Snake:1  | Found Fidghit's Assorted Antiques.
 15399 | Snake:1  | Found Xusky's Antique Weapon Emporium.
 15450 | Snake:1  | Found Cerewn's General Store.
 15452 | Snake:1  | Found Ojoheic's Jewellery Emporium.
 15455 | Snake:1  | Bought a scroll of enchant weapon for 97 gold pieces
 15494 | Snake:1  | Found the +3 giant club "Skullcrusher" {speed, Str+7}
 16608 | Snake:2  | Noticed a nagaraja
 16612 | Snake:2  | Reached skill level 1 in Evocations
 17008 | Snake:2  | Killed a nagaraja
 17251 | Snake:1  | HP: 5/146 [salamander (9)]
 17251 | Snake:1  | Slain by a salamander

Illustrated notes

Levels and vault maps discovered:
D:1:      wander_arrival_estate, layout_loops_ring, minmay_tree_intersection
D:2:      layout_loops_ring, basic_altar, kennysheep_doodads
D:3:      layout_rooms, lemuel_doored_altar, jmf_multi_god_temple2,
          serial_shops, nicolae_lakefront_shop,
          hellmonk_ecumenical_altar_lost_god, hangedman_feature_mirror,
          nrook_campfire, minmay_fountain_box, uniq_sigmund, uniq_ijyb
D:4:      layout_rooms, serial_shops, shop, shop, shop, nicolae_shop_stone,
          gammafunk_ghost_stat_death, serial_rivers,
          chequers_serial_rivers_room_b, chequers_serial_rivers_room_b,
          chequers_serial_rivers_room_b, chequers_serial_rivers_micro_a
D:5:      nicolae_cairo_tiling_large, layout_gridville
D:6:      layout_layer_cave, uniq_crazy_yiuf_cottage
D:7:      layout_cave_pools, kiku_gazebo_garden_becter, elyvilon_altar_3,
          minmay_temple_entry_enclosed_plants, hangedman_minor_gate_pass
D:8:      layout_loops_ring, okawaru_metal_pillars_1_2, minmay_misc_feat_iff,
          grunt_decor_fettered, uniq_maggie, uniq_erica
D:9:      layout_rooms, lemuel_crystal_altar, general_overflow_altar,
          nemelex_altar_shiori, lair_entry_dummy
Temple:   minmay_temple_bridge_abc
Lair:1:   layout_big_grid
Lair:2:   wander_river, layout_cellular_growth, shoals_dummy_entry,
          evilmike_ambush [evilmike_ambush_outer_pillars,
          evilmike_ambush_inner_basic]
Lair:3:   layout_gridlike, serial_bayou_shore_a, infiniplex_staircase_pool
Lair:4:   layout_loops_ring, minmay_snake_entry_six_corridors,
          kennysheep_snail_temple
Lair:5:   gammafunk_lair_enchanted_lake, layout_regular_city,
          nicolae_slime_entry_slimehenge, hangedman_lair_unloving_vines
Lair:6:   minmay_lair_end_enchanted_forest, layout_long_grid,
          eino_small_chamber_without_monster, grunt_megastairs_4,
          lemuel_fruit_fields, uniq_rupert
Snake:1:  layout_chambers, minmay_shoptagon, uniq_azrael
Snake:2:  layout_concentric_octagons, serial_shops, nicolae_shop_behind_doors

Skill      XL: |  1  2  3  4  5  6  7  8  9 10 11 12 13 14 |
---------------+-------------------------------------------+-----
Fighting       | 3 4 5 6 7 9 10 11 | 11.5
Unarmed Combat | 4 5 6 8 9 10 11 | 11.8
Maces & Flails | 1 3 5 6 8 10 11 12 | 12.0
Armour         | 2 6 7 |  7.6
Dodging        | 3 6 8 |  8.1
Invocations    | 5 7 |  7.3
Evocations     | 2 |  2.5
Stealth        | |  1.0

Action                   |  1- 3 |  4- 6 |  7- 9 | 10-12 | 13-15 || total
-------------------------+-------+-------+-------+-------+-------++-------
Melee: Unarmed           |    86 |   149 |   271 |   258 |       ||   764
       Punch             |     2 |     2 |    10 |    39 |    64 ||   117
       Demon whip        |       |       |       |   227 |   581 ||   808
  Use: Scroll            |       |     9 |     2 |     3 |     9 ||    23
       Potion            |       |       |     3 |    12 |     5 ||    20
 Stab: Sleeping          |     8 |     2 |     1 |       |       ||    11
       Distracted        |       |     1 |     1 |       |       ||     2
Armor: Robe              |    20 |    46 |   102 |       |       ||   168
       Skin              |       |    10 |       |       |       ||    10
       Swamp dragon scal |       |       |       |   139 |   149 ||   288
Dodge: Dodged            |    32 |    92 |   136 |   155 |   169 ||   584
       Repelled          |       |       |       |     1 |    10 ||    11
Block: Other             |       |       |     3 |    63 |   134 ||   200

Table legend: (Time is in decaauts)
 A = Elapsed time spent in this place.
 B = Non-inter-level travel time spent in this place.
 C = Inter-level travel time spent in this place.
 D = Time resting spent in this place.
 E = Time spent auto-exploring this place.
 F = Levels seen in this place.
 G = Mean time per level.
                   A        B        C        D        E       F      G
               +--------+--------+--------+--------+--------+-----+--------+
         Total |  16914 |  15785 |   1129 |    151 |  12046 |  18 |  939.7 |
       Dungeon |   8020 |   7442 |    578 |    151 |   5591 |   9 |  891.1 |
        Temple |    340 |    257 |     83 |      0 |    118 |   1 |  340.0 |
          Lair |   6648 |   6253 |    395 |      0 |   4835 |   6 | 1108.0 |
     Snake Pit |   1904 |   1833 |     71 |      0 |   1501 |   2 |  952.0 |
               +--------+--------+--------+--------+--------+-----+--------+

Top non-repeatable levels by time:
 Snake:1: 1796 daAuts
     D:6: 1685 daAuts
  Lair:6: 1425 daAuts
  Lair:5: 1320 daAuts
  Lair:4: 1201 daAuts
     D:7: 1062 daAuts
     D:8: 987 daAuts
  Lair:1: 924 daAuts
  Lair:3: 903 daAuts
     D:5: 888 daAuts
  Lair:2: 874 daAuts
     D:3: 835 daAuts
     D:9: 780 daAuts
     D:2: 693 daAuts
     D:4: 555 daAuts
